 Dungeon Crawl Stone Soup version 0.14-a0-1254-g249fea6 (webtiles) character file.

85808 Daniel the Conjurer (level 14, -3/83 HPs)
             Began as a Demigod Fire Elementalist on Dec 1, 2013.
             Shot with an arrow of dispersal by a deep elf master archer (31 damage)
             ... on Level 3 of the Elven Halls on Dec 2, 2013.
             The game lasted 04:09:38 (28443 turns).

Daniel the Conjurer (Demigod Fire Elementalist)    Turns: 28443, Time: 04:09:39

HP  -3/83        AC  9     Str 14      XL: 14   Next: 95%
MP  25/36        EV 18     Int 24      God:
Gold 1573        SH 11     Dex 22      Spells: 11 memorised,  1 level left

rFire  + . .     SeeInvis .     r - +6,+7 trident "Kheuhiel" {pierce, rPois MR++}
rCold  . . .     Clarity  .     v - +1 troll leather armour
rNeg   . . .     Conserve +     I - +1 dwarf buckler
rPois  +         rCorr    .     T - +0 wizard hat
rElec  .         rRot     .     h - +1 cloak {MR+}
SustAb . .       Spirit   .     V - +0 pair of gloves
rMut   .         Warding  .     (no boots)
Saprov . . .     Stasis   .     f - amulet of conservation
                                q - +0,+7 ring of slaying
                                B - ring of fire

@: regenerating, agile, extremely resistant to hostile enchantments, quite
stealthy
A: horns 1, repulsion field 1, clumsy 1, cold resistance 1, frail 1, shaggy fur
1, slow metabolism 1
a: no special abilities


You were on level 3 of the Elven Halls.
You were not hungry.

You visited 5 branches of the dungeon, and saw 28 of its levels.
You also visited: Labyrinth and Volcano.

You collected 2461 gold pieces.
You spent 888 gold pieces at shops.

Inventory:

Hand weapons
 r - the +6,+7 trident "Kheuhiel" (weapon) {pierce, rPois MR++}
   (You found it on level 8 of the Lair of Beasts)

   It inflicts extra damage upon your enemies.
   It protects you from poison.
   It affects your resistance to hostile enchantments.
 w - a +7,+5 whip of draining
 x - a +3 blowgun
Missiles
 C - 15 curare-tipped needles
Armour
 h - a +1 cloak of magic resistance (worn)
 v - a +1 troll leather armour (worn)
 I - a +1 dwarven buckler (worn)
 T - a +0 wizard hat (worn)
 V - a +0 pair of gloves (worn)
Magical devices
 d - a wand of digging (7)
 F - a wand of lightning (6)
 G - a wand of fire (7)
 S - a wand of teleportation (5)
 X - a wand of disintegration (14)
Comestibles
 c - 4 bread rations
 A - 5 meat rations
Scrolls
 l - 5 scrolls of fear
 m - 3 scrolls of remove curse
 o - 2 scrolls of blinking
 s - a scroll of magic mapping
 t - 2 scrolls of fog
 u - 3 scrolls of identify
 H - a scroll of enchant weapon II
 J - a scroll of amnesia
 U - 2 scrolls of teleportation
Jewellery
 f - an amulet of conservation (around neck)
 j - an uncursed ring of magical power
 q - a +0,+7 ring of slaying (right hand)
 B - a ring of fire (left hand)
 Q - the amulet of Cekugob {Ward -Tele Hunger rElec rPois rN+ AC+1 EV+1}
   (You found it on level 8 of the Lair of Beasts)

   [amulet of warding]

   It affects your AC (+1).
   It affects your evasion (+1).
   It insulates you from electricity.
   It protects you from poison.
   It protects you from negative energy.
   It prevents most forms of teleportation.
   It speeds your metabolism.
Potions
 b - a potion of flight
 e - a potion of restore abilities
 g - 2 potions of heal wounds
 i - a potion of agility
 k - 2 potions of might
 n - 9 potions of curing
 p - 2 potions of speed
 z - a potion of resistance
Magical staves
 y - an uncursed staff of wizardry


   Skills:
 - Level 1.7 Dodging
 - Level 1.7 Stealth
 + Level 11.9 Spellcasting
 + Level 14.5 Conjurations
 - Level 7.0 Charms
 - Level 13.4 Fire Magic
 - Level 6.2 Evocations


You had one spell level left.
You knew the following spells:

 Your Spells              Type           Power        Failure   Level  Hunger
a - Flame Tongue          Conj/Fire      #####        1%          1    None
b - Iskenderun's Mystic   Conj           ######..     1%          4    None
c - Conjure Flame         Conj/Fire      #######.     1%          3    None
d - Sticky Flame          Conj/Fire      #######.     1%          4    None
e - Regeneration          Chrm/Necr      ####......   6%          3    None
f - Throw Frost           Conj/Ice       ###...       1%          2    None
g - Fireball              Conj/Fire      #######...   1%          5    ###....
h - Iskenderun's Battles  Conj/Chrm      ######..     1%          4    None
i - Flight                Chrm/Air       ####......   6%          3    None
j - Bolt of Magma         Conj/Fire/Erth ######....   6%          5    ###....
k - Apportation           Tloc           ##........   10%         1    None


Dungeon Overview and Level Annotations

Branches:
Dungeon (11/16)            Temple (0/1) D:4             Orc (4/4) D:11
    Elf (3/3) Orc:3          Lair (8/8) D:8          Shoals (0/5) Lair:5
  Snake (2/5) Lair:4        Slime (0/6) Lair:8

Shops:
D:4 ?   D:7 *   Orc:1 [!!/   Orc:4 ?(//   Elf:1 *

Annotations:
D:4 Blork the orc
D:9 Edmund, Psyche
Lair:1 Nergalle
Lair:4 Rupert
Lair:6 exclusion: 2 oklob plants
Lair:7 exclusion: upstairs


Innate Abilities, Weirdness & Mutations

You have a pair of small horns on your head.
You are surrounded by a mild repulsion field (EV +2).
You are clumsy. (Dex -2)
Your flesh is cold resistant.
You are frail (-10% HP).
You are covered in fur (AC +1).
You have a slow metabolism.


Message History

Confirm with . or Enter, or press ? or * to list all spells.
Aiming: Sticky Flame
Press: ? - help, Shift-Dir - straight line, f - deep elf master archer
Aim: a deep elf master archer wearing an elven leather armour (flame)
You feel a surge of power!
The sticky flame hits the deep elf master archer.
The deep elf master archer is lightly wounded.
The deep elf master archer is covered in liquid flames!
The deep elf master archer burns!
The deep elf master archer is engulfed in roaring flames.
The deep elf master archer wields a runed elven longbow.
The deep elf master archer shoots an arrow of dispersal.
The arrow of dispersal hits you!
Drink which item? (? for menu, Esc to quit)
You feel more agile all of a sudden.
The deep elf master archer burns!
The deep elf master archer is engulfed in roaring flames.
The deep elf master archer shoots an arrow of dispersal.
The arrow of dispersal hits you!
You die...

▒▒'▒▒▒ ▒∙▒ ▒∙∙∙∙
▒▒∙∙∙∙▒▒▒▒▒▒∙▒▒▒▒∙∙∙∙
▒▒∙∙∙∙∙∙'∙∙∙∙∙∙∙∙'∙∙∙∙
▒▒▒e∙∙∙∙∙)▒▒▒▒∙▒▒▒▒▒∙∙∙∙
▒∙∙∙e∙∙∙∙∙▒ ▒'▒ ▒▒∙∙∙∙
▒▒▒∙▒▒▒▒)▒▒▒▒ ▒▒▒ ▒∙∙▒▒▒
▒∙∙∙∙∙▒▒▒∙▒▒ ▒∙∙▒ ▒ ▒∙∙∙∙∙▒ ▒▒e▒
▒∙∙▒ ▒ ▒▒∙∙∙▒▒ ▒@▒∙▒ ▒∙∙▒▒▒
▒▒▒)▒▒▒ ▒▒▒▒∙▒ ▒∙∙'∙∙ ▒▒▒∙e∙∙∙▒▒▒
▒▒ ▒∙∙▒▒▒ ▒▒▒∙∙∙∙∙∙∙∙∙▒▒▒ ▒∙∙▒▒▒
▒▒▒▒∙∙∙∙∙∙∙∙∙∙∙∙∙▒▒▒▒ ▒∙∙∙∙∙
▒∙∙∙∙∙∙∙∙∙∙∙∙∙∙∙∙∙∙∙▒░░░ ▒∙∙∙∙∙
∙∙∙∙∙e∙∙∙∙▒∙∙∙∙∙∙∙∙∙∙∙∙▒░ ▒∙∙∙∙∙
∙∙∙∙∙f∙∙▒▒▒▒▒∙∙∙∙∙∙∙∙∙∙∙▒░░▒∙∙∙∙∙
∙∙∙∙∙?▒▒▒░·░▒▒▒∙∙∙∙∙∙∙∙∙'·░▒∙∙∙∙∙


You could see a deep elf master archer (burning).

Vanquished Creatures
  Aizul (Snake:1)
  4 deep elf sorcerers (Elf:3)
  Gastronok (D:9)
  A deep elf demonologist (Elf:3)
  3 deep elf annihilators (Elf:3)
  A dire elephant (Lair:8)
  A deep elf death mage (Elf:3)
  2 deep elf high priests (Elf:3)
  5 hydras
  Fannar (D:11)
  A minotaur (Lab)
  Josephine (Orc:2)
  An anaconda (Snake:2)
  3 orc high priests (Orc:4)
  A deep troll shaman (Lair:8)
  5 death yaks (Lair:8)
  A naga warrior (Snake:1)
  A deep elf knight (Elf:1)
  2 catoblepae
  Erolcha (Orc:2)
  3 deep elf conjurers
  Pikel (D:8)
  An oklob plant (Orc:3)
  3 hill giants (D:11)
  Joseph (Orc:1)
  5 orc knights
  3 crystal golems (Elf:3)
  4 orc sorcerers (Orc:4)
  A cyclops (D:11)
  Maurice (D:8)
  13 black mambas
  10 elephants
  5 spiny frogs
  A deep elf summoner (Elf:1)
  2 guardian serpents
  A spiny worm (Lair:7)
  5 naga magi
  2 hellwings (Elf:3)
  7 trolls
  Sonja (Orc:2)
  A two-headed ogre (D:9)
  4 fire drakes
  3 deep elf priests
  4 komodo dragons
  9 blink frogs
  A griffon zombie (D:10)
  A formicid drone (Lair:8)
  A wraith (D:11)
  3 basilisks
  36 yaks
  6 ugly things (D:11)
  2 elephant slugs
  Eustachio (D:9)
  3 sharks
  3 deep elf magi
  9 deep elf fighters
  A hungry ghost (Lab)
  A hill giant skeleton (D:9)
  4 hippogriffs
  25 wolves
  2 vampire mosquitoes (Lair:7)
  A slave (D:8)
  2 soldier ants
  19 orc warriors
  The ghost of Psiweapon the Sneak, an average NaWr (D:4)
  4 ice beasts
  9 porcupines
  2 sky beasts
  2 black bears (Lair:8)
  A necrophage (D:11)
  An ettin simulacrum (Orc:2)
  9 nagas
  3 phantoms
  2 giant goldfish
  9 ogres
  3 boring beetles
  4 centaurs
  10 crocodiles
  2 big kobolds
  6 wargs
  3 formicids (Lair:8)
  7 giant slugs
  19 water moccasins
  16 giant frogs
  9 agate snails
  4 killer bees
  4 wights (D:10)
  6 jellyfish
  A yak skeleton (D:10)
  2 goliath beetles
  13 electric eels
  2 troll skeletons
  5 crimson imps
  21 orc priests
  A giant frog skeleton (D:10)
  14 hounds
  2 scorpions
  8 worker ants
  12 big fish
  An iguana (D:11)
  5 jellies
  27 orc wizards
  21 sheep
  An ogre zombie (D:6)
  Terence (D:3)
  A mummy (D:8)
  A worker ant zombie (D:8)
  26 adders
  40 green rats
  A worm zombie (D:6)
  3 giant centipedes
  3 worms
  2 giant mites
  A giant eyeball (D:10)
  12 giant geckos
  An ooze (D:2)
  157 orcs
  13 bats
  A bat skeleton (D:8)
  A bat zombie (D:8)
  3 giant cockroaches
  13 goblins
  12 hobgoblins
  26 jackals
  3 ball pythons
  5 giant newts
  A giant spore (D:11)
  A goblin skeleton (D:4)
  A goblin zombie (Orc:2)
  A hobgoblin simulacrum (Orc:2)
  20 kobolds
  3 orc skeletons
  3 orc zombies
  12 quokkas
  16 rats
  A rat skeleton (D:5)
  A ballistomycete (D:11)
  A bush (Lair:2)
  3 butterflies
  A fungus (Lair:6)
  3 plants
915 creatures vanquished.

Vanquished Creatures (others)
  A black mamba (Snake:2)
  An efreet (Orc:4)
  A hound (D:8)
  3 slaves (D:8)
  A brain worm (D:8)
  5 fungi
  7 plants
19 creatures vanquished.

Grand Total: 934 creatures vanquished

Notes
Turn   | Place    | Note
--------------------------------------------------------------
     0 | D:1      | Daniel, the Demigod Fire Elementalist, began the quest for the Orb.
     0 | D:1      | Reached XP level 1. HP: 14/14 MP: 5/5
    44 | D:1      | Reached skill level 1 in Conjurations
   379 | D:2      | Reached skill level 3 in Fire Magic
   381 | D:2      | Reached XP level 2. HP: 18/20 MP: 0/6
   387 | D:2      | Learned a level 2 spell: Throw Flame
   629 | D:2      | Reached XP level 3. HP: 20/26 MP: 3/9
   730 | D:2      | Found a bloodstained altar of Trog.
  1034 | D:3      | Learned a level 3 spell: Conjure Flame
  1052 | D:3      | Noticed Terence
  1249 | D:4      | Noticed Blork the orc
  1271 | D:4      | Found Qiuth's Magic Scroll Shop.
  1280 | D:4      | Bought a scroll of teleportation for 33 gold pieces
  1372 | D:3      | Reached XP level 4. HP: 19/33 MP: 5/12
  1516 | D:3      | Killed Terence
  1643 | D:3      | Reached skill level 4 in Fire Magic
  1754 | D:4      | Noticed Psiweapon's ghost (average NaWr)
  1804 | D:4      | Killed Psiweapon's ghost
  1804 | D:4      | Reached XP level 5. HP: 18/38 MP: 0/15
  2036 | D:4      | Found a staircase to the Ecumenical Temple.
  2083 | D:4      | Found a white marble altar of Elyvilon.
  2231 | D:5      | Entered Level 5 of the Dungeon
  2282 | D:5      | Reached XP level 6. HP: 45/45 MP: 0/18
  2658 | D:5      | Found a deep blue altar of Sif Muna.
  2662 | D:5      | Found an iron altar of Okawaru.
  2874 | D:5      | Found a radiant altar of Vehumet.
  3020 | D:6      | Reached skill level 5 in Fire Magic
  3072 | D:6      | Reached XP level 7. HP: 50/50 MP: 8/21
  3237 | D:6      | Reached skill level 5 in Spellcasting
  3683 | D:6      | Learned a level 4 spell: Sticky Flame
  4238 | D:7      | Reached skill level 6 in Spellcasting
  4251 | D:7      | Reached XP level 8. HP: 28/57 MP: 14/23
  4254 | D:7      | HP: 1/57 [orc priest/divine providence (14)]
  4418 | D:7      | Found Cyvoson's General Store.
  4504 | D:7      | Learned a level 3 spell: Regeneration
  4935 | D:8      | Noticed a troll
  5130 | D:8      | Reached skill level 7 in Spellcasting
  5332 | D:8      | Found a staircase to the Lair.
  5386 | D:8      | Noticed Pikel
  5568 | D:8      | Noticed Maurice
  5645 | D:8      | Killed Pikel
  5645 | D:8      | Reached skill level 5 in Conjurations
  5645 | D:8      | Reached XP level 9. HP: 62/62 MP: 11/26
  5790 | D:9      | Noticed Edmund
  5791 | D:9      | Noticed Gastronok
  5797 | D:9      | Noticed Eustachio
  5848 | D:9      | Learned a level 2 spell: Throw Frost
  5854 | D:9      | Learned a level 5 spell: Fireball
  5883 | D:9      | Noticed Psyche
  5894 | D:9      | HP: 3/62 [Psyche/wand of cold (20)]
  6171 | D:8      | Reached skill level 8 in Spellcasting
  6313 | D:8      | Gained mutation: You are frail (-10% HP). [potion of mutation]
  6313 | D:8      | Gained mutation: You are surrounded by a mild repulsion field (EV +2). [potion of mutation]
  6313 | D:8      | Gained mutation: Your flesh is cold resistant. [potion of mutation]
  6314 | D:8      | Gained mutation: You have a slow metabolism. [potion of mutation]
  6314 | D:8      | Gained mutation: You have a pair of small horns on your head. [potion of mutation]
  6379 | D:8      | Reached skill level 1 in Charms
  6517 | D:8      | Killed a troll
  6659 | D:8      | Killed Maurice
  6746 | D:8      | Found a basalt altar of Yredelemnul.
  7057 | D:9      | Gained mutation: You are covered in fur (AC +1). [potion of mutation]
  7057 | D:9      | Gained mutation: You are dopey. (Int -2) [potion of mutation]
  7057 | D:9      | Gained mutation: You are clumsy. (Dex -2) [potion of mutation]
  7076 | D:9      | Learned a level 4 spell: Iskenderun's Battlesphere
  7499 | D:9      | Killed Gastronok
  7499 | D:9      | Reached skill level 5 in Charms
  7499 | D:9      | Reached XP level 10. HP: 24/62 MP: 11/28
  7731 | D:9      | Killed Eustachio
  7833 | D:10     | Entered Level 10 of the Dungeon
  8130 | D:10     | Paralysed by a giant eyeball for 2 turns
  8917 | D:10     | Reached skill level 9 in Fire Magic
  9148 | D:11     | Found a labyrinth entrance.
  9148 | D:11     | Noticed a hill giant
  9157 | D:11     | Killed a hill giant
  9248 | Lab      | Entered a labyrinth
  9512 | Lab      | Noticed a minotaur
  9535 | Lab      | Killed a minotaur
  9607 | Lab      | Got a blackened leather armour
  9625 | Lab      | Identified the +1 leather armour "Keojagon" {Str+3 Int+3} (You found it in a labyrinth)
  9676 | Lab      | Got a faintly humming chain mail
  9692 | Lab      | Identified the +5 chain mail of Honour {+Fly} (You found it in a labyrinth)
  9747 | D:11     | Identified a scroll of acquirement
  9869 | D:11     | Noticed a cyclops
  9929 | D:11     | Killed a cyclops
  9929 | D:11     | Reached skill level 10 in Fire Magic
  9929 | D:11     | Reached XP level 11. HP: 66/66 MP: 15/29
 10254 | D:11     | Noticed a hill giant
 10270 | D:11     | Killed a hill giant
 10348 | D:11     | Noticed Fannar
 10356 | D:11     | Killed Fannar
 10400 | D:11     | Noticed a hill giant
 10479 | D:11     | Killed a hill giant
 10636 | D:11     | Found a staircase to the Orcish Mines.
 10781 | D:11     | Reached skill level 11 in Fire Magic
 11581 | Lair:1   | Entered Level 1 of the Lair of Beasts
 11643 | Lair:1   | Noticed an eight-headed hydra
 11647 | Lair:1   | Killed an eight-headed hydra
 11759 | Lair:1   | Learned a level 4 spell: Iskenderun's Mystic Blast
 11826 | Lair:1   | Noticed Nergalle
 12276 | Lair:2   | Found a dark tunnel.
 12330 | Volcano  | Entered a volcano
 12397 | Lair:2   | Reached skill level 12 in Fire Magic
 12796 | Lair:3   | Reached XP level 12. HP: 62/72 MP: 2/30
 13183 | Lair:3   | Daniel: hi
 13188 | Lair:3   | Turgon: Hi
 13195 | Lair:3   | Daniel: this game
 13195 | Lair:3   | Daniel: found 2 slaying ring
 13195 | Lair:3   | Daniel: plenty of books
 13195 | Lair:3   | Daniel: interesting
 13205 | Lair:3   | Turgon: Slaying? With a FE?
 13207 | Lair:3   | Daniel: yes
 13207 | Lair:3   | Daniel: kinda good
 13207 | Lair:3   | Daniel: no weapon skill
 13207 | Lair:3   | Daniel: still killing better than fighters
 13207 | Lair:3   | Turgon: (!)
 13207 | Lair:3   | Daniel: dunno whats the other
 13207 | Lair:3   | Turgon: Well, drain brand is good
 13207 | Lair:3   | Daniel: yeah
 13207 | Lair:3   | Daniel: found a flaming whip too
 13207 | Lair:3   | Turgon: Which books did you find?
 13207 | Lair:3   | Daniel: and other good weapons
 13207 | Lair:3   | Daniel: but settled with this
 13207 | Lair:3   | Turgon: Power
 13207 | Lair:3   | Daniel: indeed
 13207 | Lair:3   | Turgon: nice
 13207 | Lair:3   | Daniel: only missing firestorm
 13207 | Lair:3   | Turgon: So you have some compensation for not having a god
 13207 | Lair:3   | Daniel: but i hope that h is annihilations
 13207 | Lair:3   | Daniel: yes, kinda
 13207 | Lair:3   | Turgon: 1/3 chance for annihilations :-)
 13207 | Lair:3   | Daniel: still, i have to rest a lot to recover mp
 13236 | Lair:4   | Turgon: Yes, Sif channeling is missing!
 13238 | Lair:4   | Turgon: But you might find a staff
 13238 | Lair:4   | Daniel: black mamba 2 turn
 13238 | Lair:4   | Daniel: insane
 13238 | Lair:4   | Daniel: yes, i hope for an energy staff
 13238 | Lair:4   | Daniel: actually
 13238 | Lair:4   | Daniel: the wizardry staff i got
 13238 | Lair:4   | Daniel: is acquired from scroll
 13320 | Lair:4   | Turgon: I'd like to sleep three months now
 13325 | Lair:4   | Turgon: ... and awake in march again
 13328 | Lair:4   | Daniel: why?
 13338 | Lair:4   | Turgon: I don't like winter
 13360 | Lair:4   | Daniel: i see
 13360 | Lair:4   | Daniel: is it snowing there?
 13365 | Lair:4   | Turgon: no
 13452 | Lair:4   | Noticed Rupert
 13658 | Lair:4   | Found a staircase to the Snake Pit.
 13690 | Lair:4   | Turgon: Book :-)
 13882 | Lair:5   | Turgon: Shoals?
 13887 | Lair:5   | Daniel: yeah
 13887 | Lair:5   | Daniel: i hate shoals
 13897 | Lair:5   | Turgon: Or shoals mimic
 13921 | Lair:5   | Turgon: I consider shoals to be the hardest of the 4 lair branches
 13928 | Lair:5   | Turgon: No place to hide
 13965 | Lair:5   | Daniel: lol
 13965 | Lair:5   | Daniel: im better in melle
 13965 | Lair:5   | Daniel: melee
 13998 | Lair:5   | Turgon: Which skills do you improve?
 13999 | Lair:5   | Turgon: Mhmm, Conj should be most important imo
 13999 | Lair:5   | Daniel: i wanna rush to firestorm
 13999 | Lair:5   | Daniel: maybe i should get ood instead
 13999 | Lair:5   | Turgon: You might get poison arrow or something
 13999 | Lair:5   | Turgon: Yes, conj is more versatile
 13999 | Lair:5   | Daniel: i plan ood and storm
 13999 | Lair:5   | Turgon: -> more options
 14020 | Lair:5   | Turgon: There are not many fire magic spells without Conj
 14221 | Lair:5   | Reached skill level 13 in Fire Magic
 14591 | Lair:5   | Found a snail-covered altar of Cheibriados.
 14848 | Lair:5   | Gained mutation: You need consume almost no food. [potion of mutation]
 14848 | Lair:5   | Lost mutation: You need consume almost no food. [potion of mutation]
 14848 | Lair:5   | Lost mutation: You are dopey. (Int -2) [potion of mutation]
 14876 | Lair:5   | Reached skill level 10 in Conjurations
 15778 | Lair:7   | Reached skill level 1 in Evocations
 16993 | Lair:7   | Reached XP level 13. HP: 71/77 MP: 11/31
 17055 | Lair:7   | Noticed a six-headed hydra
 17059 | Lair:7   | Killed a six-headed hydra
 17150 | Lair:8   | Entered Level 8 of the Lair of Beasts
 17726 | Lair:8   | Found a viscous altar of Jiyva.
 17726 | Lair:8   | Found a staircase to the Slime Pits.
 18652 | Lair:8   | Reached skill level 5 in Evocations
 18994 | Lair:8   | Upgraded the game from 0.14-a0-1192-g192f278 to 0.14-a0-1254-g249fea6
 19013 | Lair:8   | Got a crude trident
 19014 | Lair:8   | Identified the +6,+7 trident "Kheuhiel" {pierce, rPois MR++} (You found it on level 8 of the Lair of Beasts)
 19014 | Lair:8   | Identified the +6,+7 trident "Kheuhiel" {pierce, rPois MR++} (You found it on level 8 of the Lair of Beasts)
 19017 | Lair:8   | Got a jewelled flail
 19018 | Lair:8   | Identified the cursed +2,+1 flail "Dragon's Tongue" {antimagic, +Rage rElec rF+ Dex+3 Int+1} (You found it on level 8 of the Lair of Beasts)
 19018 | Lair:8   | Identified the cursed +2,+1 flail "Dragon's Tongue" {antimagic, +Rage rElec rF+ Dex+3 Int+1} (You found it on level 8 of the Lair of Beasts)
 19208 | Lair:5   | Found a staircase to the Shoals.
 19816 | Lair:1   | Reached skill level 10 in Spellcasting
 19889 | Lair:1   | Noticed a seven-headed hydra
 19894 | Lair:1   | Killed a seven-headed hydra
 20513 | Orc:1    | Entered Level 1 of the Orcish Mines
 20513 | Orc:1    | Found Yrphit's Magical Wand Emporium.
 20527 | Orc:1    | Noticed Joseph
 20538 | Orc:1    | Killed Joseph
 20750 | Orc:1    | Found Sary's Armour Shoppe.
 20791 | Orc:1    | Found Poageino's Distillery.
 20808 | Orc:1    | Found Xatesus' Distillery.
 20809 | Orc:1    | Bought a potion of flight for 36 gold pieces
 20809 | Orc:1    | Bought a potion of restore abilities for 36 gold pieces
 20809 | Orc:1    | Bought a potion of agility for 30 gold pieces
 20809 | Orc:1    | Bought a potion of might for 30 gold pieces
 20809 | Orc:1    | Bought a potion of confusion for 12 gold pieces
 20815 | Orc:1    | Bought a potion of heal wounds for 36 gold pieces
 20815 | Orc:1    | Bought a potion of heal wounds for 36 gold pieces
 20815 | Orc:1    | Bought a potion of speed for 66 gold pieces
 20830 | Orc:1    | Bought a potion of invisibility for 66 gold pieces
 20830 | Orc:1    | Bought a potion of heal wounds for 36 gold pieces
 20830 | Orc:1    | Bought a potion of heal wounds for 36 gold pieces
 20919 | Orc:2    | Noticed Sonja
 21040 | Orc:2    | Found a radiant altar of Vehumet.
 21062 | Orc:2    | Noticed Erolcha
 21067 | Orc:2    | Killed Erolcha
 21218 | Orc:2    | You fall through a shaft!
 21304 | Orc:3    | Found a staircase to the Elven Halls.
 21531 | Orc:2    | Noticed Josephine
 21539 | Orc:2    | Killed Josephine
 21683 | Orc:2    | Killed Sonja
 22296 | Orc:4    | Entered Level 4 of the Orcish Mines
 22944 | Orc:4    | Found Elautt's Magic Scroll Shop.
 22945 | Orc:4    | Found Catoag's Weapon Shoppe.
 23057 | Orc:4    | Reached XP level 14. HP: 83/83 MP: 22/35
 24295 | Orc:4    | Found Qiel's Magical Wand Shoppe.
 24320 | Orc:4    | Found Ucuapto's Magical Wand Shop.
 24350 | Orc:4    | Bought a scroll of remove curse for 39 gold pieces
 24350 | Orc:4    | Bought a scroll of identify for 26 gold pieces
 24350 | Orc:4    | Bought a scroll of identify for 26 gold pieces
 24364 | Orc:4    | Bought a wand of slowing (7) for 93 gold pieces
 24371 | Orc:4    | Bought a wand of confusion (12) for 147 gold pieces
 24391 | Orc:4    | Bought a scroll of teleportation for 39 gold pieces
 24391 | Orc:4    | Bought a scroll of remove curse for 39 gold pieces
 24391 | Orc:4    | Bought a scroll of identify for 26 gold pieces
 24479 | Elf:1    | Entered Level 1 of the Elven Halls
 24610 | Lair:1   | Paralysed by a potion of paralysis for 4 turns
 24626 | Lair:1   | Learned a level 3 spell: Flight
 24844 | Snake:1  | Entered Level 1 of the Snake Pit
 24866 | Snake:1  | Noticed Aizul
 24895 | Snake:1  | Killed Aizul
 25808 | Snake:2  | Vidiiot: Yo.
 25812 | Snake:2  | Daniel: hey
 25910 | Snake:2  | Daniel: Dgs suck
 25910 | Snake:2  | Daniel: :/
 25954 | Snake:2  | Vidiiot: Yeah
 25956 | Snake:2  | Vidiiot: No kidding.
 25956 | Snake:2  | Vidiiot: I need to beat on for greatplayer
 25956 | Snake:2  | Vidiiot: i think the problem is that gods have become more powerful
 25956 | Snake:2  | Daniel: yeah that too
 26009 | Snake:2  | Daniel: you think i can deal with elves?
 26009 | Snake:2  | Vidiiot: Not at all.
 26009 | Snake:2  | Vidiiot: :/
 26009 | Snake:2  | Vidiiot: Tbh
 26009 | Snake:2  | Vidiiot: You need somewayto confuse them
 26009 | Snake:2  | Daniel: yeah i think the same
 26009 | Snake:2  | Vidiiot: Or dig/disint
 26009 | Snake:2  | Vidiiot: Conjure flame might work then
 26009 | Snake:2  | Daniel: i have wands for those
 26009 | Snake:2  | Vidiiot: But even then your AC/EV is very very poor
 26009 | Snake:2  | Daniel: my plan was to
 26009 | Snake:2  | Daniel: dig
 26009 | Snake:2  | Daniel: than sticky them
 26009 | Snake:2  | Daniel: and kill with the trident
 26009 | Snake:2  | Vidiiot: ii feel it is very ris
 26009 | Snake:2  | Vidiiot: ky.
 26009 | Snake:2  | Vidiiot: Make a small kill box.
 26009 | Snake:2  | Daniel: i have +10 slaying
 26009 | Snake:2  | Daniel: but yeah its very risky
 26009 | Snake:2  | Vidiiot: so you can only see one
 26009 | Snake:2  | Vidiiot: put conjure flame down
 26009 | Snake:2  | Vidiiot: When they walk in
 26009 | Snake:2  | Vidiiot: Sticky
 26013 | Snake:2  | Vidiiot: And smash smash smash
 26013 | Snake:2  | Daniel: yeah
 26016 | Snake:2  | Vidiiot: But you need luck
 26023 | Snake:2  | Vidiiot: .Whats your MR?
 26024 | Snake:2  | Daniel: this trident
 26024 | Snake:2  | Daniel: and cloak of mr
 26024 | Snake:2  | Vidiiot: It's slightly good for Elves.
 26049 | Snake:2  | Vidiiot: I am worried about banishment :)
 26054 | Snake:2  | Vidiiot: But maybe it will make your char amazingly strong =p
 26095 | Snake:2  | Daniel: i see how bad i am on snake 5
 26136 | Snake:2  | Vidiiot: I feel snake 5 will be bad for you.
 26140 | Snake:2  | Vidiiot: Maybe.
 26194 | Snake:2  | Daniel: man
 26194 | Snake:2  | Daniel: i found so many good books
 26194 | Snake:2  | Vidiiot: But? =p
 26194 | Snake:2  | Daniel: but this shitty dg spellcasting limits me very hard
 26194 | Snake:2  | Vidiiot: Haha.
 26199 | Snake:2  | Vidiiot: Did you not learn apportio?
 26199 | Snake:2  | Daniel: not yet
 26199 | Snake:2  | Daniel: forgot it lol
 26199 | Snake:2  | Vidiiot: Nice books.
 26199 | Snake:2  | Vidiiot: Its a shame you dont have meph cloud
 26199 | Snake:2  | Vidiiot: That is very good in elves
 26199 | Snake:2  | Daniel: yeah
 26199 | Snake:2  | Daniel: and an energy staff would be good too
 26199 | Snake:2  | Daniel: for mp recovering
 26240 | Snake:2  | Vidiiot: Yeah
 26272 | Snake:2  | Vidiiot: You will find it all in elves
 26286 | Snake:2  | Vidiiot: But it is such a risk.
 26311 | Snake:2  | Daniel: fuck
 26311 | Snake:2  | Daniel: risk
 26311 | Snake:2  | Daniel: im going there
 26380 | Snake:2  | Vidiiot: Good man.
 26541 | Lair:1   | Vidiiot: I hope you get good elf;3 vault and nice spawns.
 26541 | Lair:1   | Vidiiot: Good luc
 26541 | Lair:1   | Vidiiot: k1
 26541 | Lair:1   | Daniel: ty
 26541 | Lair:1   | Vidiiot: If you were with Fedhas you could just spam oklobs ;P
 26541 | Lair:1   | Daniel: lol
 26541 | Lair:1   | Daniel: are the devs serious with this new lair?
 26541 | Lair:1   | Vidiiot: Rofl
 26541 | Lair:1   | Vidiiot: I hope so ;)
 26541 | Lair:1   | Daniel: buffing medhas and spriggans so hard?
 26541 | Lair:1   | Vidiiot: It seems silly to be
 26541 | Lair:1   | Vidiiot: I still need to get a char to this point first =p
 26547 | Lair:1   | Learned a level 5 spell: Bolt of Magma
 26547 | Lair:1   | Daniel: shouldn't have to be hard
 26550 | Lair:1   | Vidiiot: I keep dying in early game :(
 26570 | Lair:1   | Vidiiot: hey
 26570 | Lair:1   | Vidiiot: see if you have curare
 26570 | Lair:1   | Daniel: yeah
 26570 | Lair:1   | Daniel: plenty
 26571 | Lair:1   | Vidiiot: got them with you?
 26572 | Lair:1   | Vidiiot: nice
 26642 | D:11     | Learned a level 1 spell: Apportation
 26754 | Elf:1    | Vidiiot: bad entry
 26756 | Elf:1    | Vidiiot: i saw 4th get this once
 26757 | Elf:1    | Vidiiot: with sorcerers lol
 26782 | Elf:1    | Vidiiot: Hey
 26789 | Elf:1    | Vidiiot: Your attack speed is very slow :P
 26792 | Elf:1    | Daniel: yeah
 26792 | Elf:1    | Daniel: guess why :D
 26883 | Elf:1    | Vidiiot: I thought Dg were getting changed
 26888 | Elf:1    | Daniel: how?
 26949 | Elf:1    | Vidiiot: To get followers and stuff
 26966 | Elf:1    | Vidiiot: there were talks about it ages and ages ago
 26991 | Elf:1    | Daniel: hmm
 26991 | Elf:1    | Daniel: should be interesting
 27001 | Elf:1    | Vidiiot: i dont know if they will add it
 27002 | Elf:1    | Vidiiot: devs never add anything
 27005 | Elf:1    | Vidiiot: they only remove ;)
 27006 | Elf:1    | Found Ceappoale's General Store.
 27021 | Elf:1    | Daniel: yeah
 27021 | Elf:1    | Vidiiot: wow
 27023 | Elf:1    | Vidiiot: more slaying ;)
 27027 | Elf:1    | Vidiiot: shame you are mage
 27043 | Elf:1    | Vidiiot: i got an artef named after me in my game :(
 27043 | Elf:1    | Daniel: haha
 27043 | Elf:1    | Vidiiot: blowgun of Vidiiot's bane
 27043 | Elf:1    | Vidiiot: It is a shame it is +0
 27043 | Elf:1    | Vidiiot: Otherwise I might have used ot!
 27043 | Elf:1    | Daniel: okawaru usually gift items like that
 27128 | Elf:2    | Vidiiot: Oka has been so shit this game
 27189 | Elf:3    | Entered Level 3 of the Elven Halls
 27191 | Elf:3    | Daniel: ok
 27191 | Elf:3    | Daniel: this is bad
 27191 | Elf:3    | Daniel: its the anti spellcaster one
 27191 | Elf:3    | Daniel: with golems i think
 27191 | Elf:3    | Vidiiot: O?
 27204 | Elf:3    | Noticed a deep elf sorcerer
 27206 | Elf:3    | Vidiiot: I have never had this one :P
 27210 | Elf:3    | Vidiiot: Dont do it to impress me ;)
 27217 | Elf:3    | Killed a deep elf sorcerer
 27217 | Elf:3    | Reached skill level 14 in Conjurations
 27329 | Elf:3    | Daniel: cmon
 27329 | Elf:3    | Daniel: :/
 27330 | Elf:3    | Vidiiot: You called it
 27330 | Elf:3    | Vidiiot: no LRD? ;)
 27330 | Elf:3    | Daniel: i have no earh skill
 27330 | Elf:3    | Vidiiot: ;
 27336 | Elf:3    | Vidiiot: Bullshit ;)
 27416 | Elf:3    | Daniel: lol
 27416 | Elf:3    | Daniel: my melee is insane
 27416 | Elf:3    | Daniel: :D
 27451 | Elf:3    | Vidiiot: Not eating/
 27481 | Elf:3    | Vidiiot: good luck
 27485 | Elf:3    | Daniel: thank
 27496 | Elf:3    | Vidiiot: remember that elves are fucking stupid and will stand in cloud (flames)
 27502 | Elf:3    | Daniel: yeah
 27700 | Elf:3    | Noticed a deep elf sorcerer
 27701 | Elf:3    | Noticed a deep elf sorcerer
 27723 | Elf:3    | Killed a deep elf sorcerer
 27731 | Elf:3    | hurdos: Hi all
 27743 | Elf:3    | Vidiiot: Hello
 27743 | Elf:3    | Daniel: hi
 27794 | Elf:3    | hurdos: maybe elvens are brave and not stupid :)
 27800 | Elf:3    | Vidiiot: Hey
 27802 | Elf:3    | Vidiiot: You should shout first ;)
 27808 | Elf:3    | Killed a deep elf sorcerer
 27824 | Elf:3    | Daniel: yeah :)
 27985 | Elf:3    | Noticed a deep elf sorcerer
 27991 | Elf:3    | Killed a deep elf sorcerer
 28007 | Elf:3    | Vidiiot: Elves like ambushing
 28020 | Elf:3    | Vidiiot: Disint the loot doors and shout too ;)
 28022 | Elf:3    | Vidiiot: Annihilators like lurking in the loot rooms to LCS you
 28023 | Elf:3    | Daniel: yeah, i experienced that a lot :D
 28151 | Elf:3    | Vidiiot: I meant
 28151 | Elf:3    | Vidiiot: When theyre locked
 28151 | Elf:3    | Vidiiot: =p
 28151 | Elf:3    | Vidiiot: Or closed
 28151 | Elf:3    | Daniel: oh yeah
 28151 | Elf:3    | Vidiiot: Because you shout now and they will hear ;)
 28151 | Elf:3    | Vidiiot: Also I'd check the left side and shout too
 28151 | Elf:3    | Vidiiot: before
 28151 | Elf:3    | Daniel: used to be you can blow up doors like that
 28160 | Elf:3    | Vidiiot: Because they might wait there to cut off your escape ;)
 28170 | Elf:3    | Vidiiot: See
 28173 | Elf:3    | Vidiiot: Golme ;)
 28210 | Elf:3    | Vidiiot: I feel you can do this
 28239 | Elf:3    | Daniel: *insert benny hill music*
 28257 | Elf:3    | Vidiiot: Ahaha
 28362 | Elf:3    | Vidiiot: Be careful :(
 28408 | Elf:3    | Noticed a deep elf sorcerer
 28408 | Elf:3    | Noticed a deep elf sorcerer
 28424 | Elf:3    | Vidiiot: nice
 28424 | Elf:3    | Vidiiot: keep it up
 28432 | Elf:3    | Noticed a deep elf master archer
 28434 | Elf:3    | Daniel: archers and blade masters gonna rape me
 28443 | Elf:3    | Shot with an arrow of dispersal by a deep elf master archer

Action                   |  1- 3 |  4- 6 |  7- 9 | 10-12 | 13-15 || total
-------------------------+-------+-------+-------+-------+-------++-------
Melee: Short sword       |     5 |       |       |       |       ||     5
       Long sword        |     9 |     3 |       |       |       ||    12
       Hand axe          |       |    23 |    31 |       |       ||    54
       Whip              |       |       |     5 |   304 |    41 ||   350
       Staff             |       |       |       |    53 |    47 ||   100
       Trident           |       |       |       |       |   551 ||   551
 Cast: Flame Tongue      |    53 |    97 |   228 |   296 |   124 ||   798
       Conjure Flame     |     1 |     8 |    32 |    67 |    81 ||   189
       Throw Flame       |       |     9 |    38 |    24 |       ||    71
       Sticky Flame      |       |       |    15 |    76 |    79 ||   170
       Regeneration      |       |       |     3 |    11 |    35 ||    49
       Throw Frost       |       |       |     3 |    41 |    14 ||    58
       Iskenderun's Batt |       |       |     1 |    33 |    24 ||    58
       Fireball          |       |       |       |    52 |    93 ||   145
       Iskenderun's Myst |       |       |       |    26 |    23 ||    49
Evoke: Wand              |       |    11 |     8 |     9 |     9 ||    37
       bottled efreet    |       |       |       |       |     1 ||     1
  Use: Potion            |       |       |     6 |     4 |    14 ||    24
       Scroll            |       |       |    13 |    29 |    14 ||    56
 Stab: Sleeping          |     1 |       |       |     4 |     2 ||     7
       Petrifying        |       |       |       |     1 |       ||     1
       Distracted        |       |       |       |       |     1 ||     1
